Map: Overgrowth LE (Void)

Players

Pez

  • Race: Protoss Protoss
  • League: Gold
  • Spawn Location: 7:00

Fropez - Winner!

  • Race: Protoss Protoss
  • League: Gold
  • Spawn Location: 1:00

VOD

Have the link to the VOD?

Description

Time

  • Played on: Dec. 4, 2016, 6:24 p.m.
  • Length: 5:13
Show
View Real Time Build Order
Export as new Build Order

Pez Protoss 

Build Orders:  

Get SALT Encoding   

  12  0:01  Probe (Chrono Boost)  
  13  0:11  Probe (Chrono Boost)  
  14  0:17  Pylon  
  14  0:22  Probe (Chrono Boost)  
  15  0:35  Gateway  
  15  0:41  Assimilator  
  15  0:43  Probe (Chrono Boost)  
  16  0:54  Probe (Chrono Boost)  
  17  1:03  Gateway  
  17  1:04  Probe (Chrono Boost)  
  18  1:15  Probe (Chrono Boost)  
  19  1:25  Probe (Chrono Boost)  
  20  1:28  Zealot (Chrono Boost)  
  22  1:36  Probe  
  23  1:48  Assimilator  
  23  1:50  Cybernetics Core  
  23  2:07  Pylon  
  23  2:25  Probe  
  23  2:26  Zealot (Chrono Boost)  
  23  2:29  Zealot (Chrono Boost)  
  28  2:37  Probe  
  29  2:50  Probe  
  29  3:02  Zealot (Chrono Boost)  
  29  3:03  Pylon  
  29  3:05  Pylon  
  31  3:08  Gateway  
  31  3:09  Probe  
  31  3:11  Gateway  
  29  3:20  Zealot (Chrono Boost)  
  29  3:21  Probe  
  28  3:34  Probe  
  29  3:39  Zealot (Chrono Boost)  
Show
View Real Time Build Order
Export as new Build Order

Fropez Protoss - Winner!

Build Orders:  

Get SALT Encoding   

  12  0:01  Probe (Chrono Boost)  
  13  0:17  Pylon  
  13  0:18  Probe (Chrono Boost)  
  14  0:29  Probe (Chrono Boost)  
  14  0:35  Gateway  
  15  0:40  Probe (Chrono Boost)  
  16  0:45  Assimilator  
  16  0:50  Probe (Chrono Boost)  
  17  1:00  Assimilator  
  17  1:01  Probe (Chrono Boost)  
  18  1:08  Pylon  
  18  1:16  Pylon  
  18  1:23  Cybernetics Core  
  18  1:55  Pylon  
  18  2:00  Mothership Core (Chrono Boost)  
  20  2:03  Warp Gate (Chrono Boost)  
  20  2:06  Stalker  
  22  2:19  Probe (Chrono Boost)  
  23  2:28  Pylon  
  23  2:42  Pylon  
  23  2:46  Pylon  
  23  2:59  Stalker  
  23  3:04  Pylon, Probe  
  23  3:34  Stalker  
  25  3:47  Gateway  
  25  3:48  Gateway  
  25  4:09  Probe  
  26  4:15  Pylon  
  24  4:34  Stalker  
  26  4:46  Stalker x2  
Tags
 
League
GoldGold
Matchup
PvP
Replay Pack
All Mines
Spawn Locations
Cross Positions
Add a new tag
Caveats
  • Supply blocks, unpowered buildings, or Contaminate may cause inaccurate times.
  • Supply counts are checked every 10 seconds.